AoeStats
← pablonahuels_

Black Forest

510011838Analyzed
4v4 RM · 3d ago on Sep 29, 2026· 62m 35s· 8 players
Game mode
Random Map
Map size
Large (8 player)
Population
200
Speed
Normal
Resources
Standard
Victory
Conquest
Starting age
Dark Age
Ending age
Imperial Age
RankedLock teamsTeams togetherTeam positionsShared explorationLock speedFull tech treeHidden civsTurbo modeCheats
Victory
Defeat
🇦🇷 Teutons · Argentina
637
+11
🇦🇷 Poles · Argentina
607
+13
🇦🇷 Mongols · Argentina
589
+13
🇦🇷 Persians · Argentina
540
+15
🇦🇷 Vietnamese · Argentina
584
-14
🇺🇸 Huns · United States
533
-13
🇲🇽 Huns · Mexico
519
-13
🇨🇴 Bohemians · Colombia
492
-12
Pain_Gael_1207
0:26 Loom
14:08 Feudal Age
17:55 Wheelbarrow
17:28 Horse Collar
20:01 Castle Age
17:48 Double-Bit Axe
18:51 Stone Mining
18:52 Gold Mining
19:40 Scale Barding Armor
20:23 Forging
21:50 Bloodlines
22:14 Bow Saw
24:54 Heavy Plow
24:57 Husbandry
26:55 Iron Casting
26:41 Chain Barding Armor
26:58 Marauders
30:44 Gold Shaft Mining
30:27 Hand Cart
30:36 Hand Cart
35:02 Imperial Age
35:08 Town Watch
35:46 Devotion
37:11 Blast Furnace
36:46 Plate Barding Armor
35:33 Elite Tarkan
36:34 Conscription
37:33 Atheism
38:26 Two-Man Saw
39:53 Chemistry
47:41 Town Patrol
EvilDriver2000
16:31 Feudal Age
18:21 Wheelbarrow
22:19 Double-Bit Axe
22:19 Horse Collar
31:44 Castle Age
36:24 Town Watch
38:33 Chemistry
38:00 Fortified Wall
38:19 Heavy Plow
38:33 Bow Saw
38:46 Wagenburg Tactics
40:21 Caravan
40:55 Coinage
40:49 Hand Cart
47:49 Ballistics
kdawg4400
0:41 Loom
11:53 Feudal Age
13:30 Double-Bit Axe
21:30 Castle Age
20:27 Wheelbarrow
19:36 Horse Collar
19:54 Stone Mining
19:55 Gold Mining
21:54 Town Watch
28:30 Gold Shaft Mining
28:08 Bow Saw
28:05 Heavy Plow
28:23 Hand Cart
35:24 Imperial Age
33:53 Town Patrol
34:04 Scale Barding Armor
34:00 Scale Mail Armor
34:01 Padded Archer Armor
33:51 Fletching
34:12 Forging
34:36 Coinage
34:07 Caravan
34:25 Murder Holes
34:41 Masonry
38:07 Chain Barding Armor
38:03 Chain Mail Armor
38:04 Leather Archer Armor
37:45 Bodkin Arrow
38:25 Iron Casting
38:18 Ballistics
37:34 Pikeman
37:35 Man-at-Arms
38:16 Squires
38:01 Arson
37:39 Crossbowman
37:40 Elite Skirmisher
38:26 Husbandry
38:37 Bloodlines
37:48 Light Cavalry
39:23 Guilds
39:44 Banking
40:10 Plate Barding Armor
40:39 Chemistry
40:44 Two-Man Saw
39:28 Halberdier
39:29 Long Swordsman
39:32 Imperial Skirmisher
40:43 Marauders
41:03 Atheism
40:48 Sappers
41:29 Two-Handed Swordsman
44:55 Heavy Cavalry Archer
46:01 Parthian Tactics
45:42 Thumb Ring
45:08 Cavalier
48:18 Paladin
48:19 Hussar
52:22 Capped Ram
Yupi
0:46 Loom
13:18 Feudal Age
19:56 Castle Age
19:37 Wheelbarrow
19:35 Double-Bit Axe
25:28 Hand Cart
26:06 Caravan
28:27 Horse Collar
29:32 Town Watch
29:20 Elite Skirmisher
30:36 Thumb Ring
31:54 Bow Saw
35:00 Imperial Age
34:04 Fletching
37:34 Two-Man Saw
36:40 Chatras
37:03 Paper Money
37:12 Ballistics
37:53 Chemistry
37:28 Husbandry
37:39 Bloodlines
59:31 Elite Battle Elephant
Tsunami
10:02 Feudal Age
8:19 Loom
15:35 Castle Age
13:47 Horse Collar
14:10 Double-Bit Axe
15:46 Wheelbarrow
22:24 Caravan
27:40 Heavy Plow
31:36 Imperial Age
29:22 Hand Cart
29:37 Fletching
29:53 Scale Barding Armor
29:49 Padded Archer Armor
30:18 Ballistics
30:32 Stone Mining
30:33 Gold Mining
30:31 Town Watch
32:57 Forging
33:03 Leather Archer Armor
33:09 Chain Barding Armor
32:46 Bodkin Arrow
34:31 Gold Shaft Mining
34:32 Stone Shaft Mining
36:03 Elite Mangudai
37:04 Conscription
37:20 Hoardings
36:48 Nomads
38:11 Chemistry
38:31 Nomads
38:52 Drill
38:52 Conscription
40:18 Bloodlines
40:08 Husbandry
41:01 Bracer
41:37 Iron Casting
40:28 Elite Steppe Lancer
41:36 Town Patrol
42:36 Capped Ram
44:52 Hoardings
44:05 Siege Ram
48:46 Blast Furnace
59:55 Spies/Treason
braianbarrientos97
10:35 Feudal Age
12:33 Double-Bit Axe
13:19 Fishing Lines
20:45 Wheelbarrow
22:30 Gold Mining
22:30 Stone Mining
26:03 Castle Age
25:13 Horse Collar
27:56 Caravan
28:29 Coinage
31:02 Gillnets
33:48 Kamandaran
34:54 Gold Shaft Mining
34:55 Stone Shaft Mining
39:11 Imperial Age
36:50 Scale Barding Armor
36:36 Fletching
36:47 Scale Mail Armor
36:47 Padded Archer Armor
36:58 Forging
38:40 Bow Saw
38:58 Heavy Plow
40:13 Guilds
40:33 Banking
39:57 Guard Tower
41:17 Chemistry
42:33 Elite War Elephant
42:45 Pikeman
43:11 Gambesons
43:28 Elite Skirmisher
43:40 Halberdier
44:21 Squires
47:10 Citadels
48:18 Leather Archer Armor
48:31 Ballistics
49:49 Thumb Ring
53:47 Crossbowman
58:56 Heavy Cavalry Archer
59:58 Spies/Treason
Narubl
0:29 Loom
12:01 Feudal Age
12:36 Double-Bit Axe
15:54 Gold Mining
19:45 Horse Collar
20:02 Stone Mining
23:14 Castle Age
22:37 Wheelbarrow
22:08 Man-at-Arms
23:03 Bloodlines
24:55 Bow Saw
24:43 Town Watch
25:13 Heavy Plow
24:37 Pikeman
25:19 Squires
28:12 Husbandry
29:51 Stone Shaft Mining
29:26 Scale Barding Armor
28:45 Light Cavalry
29:11 Treadmill Crane
29:05 Long Swordsman
34:18 Imperial Age
32:44 Crossbowman
32:44 Elite Skirmisher
34:05 Hand Cart
36:19 Chemistry
35:31 Fortified Wall
36:47 Cavalier
36:47 Winged Hussar
37:51 Chain Barding Armor
37:42 Forging
37:34 Scale Mail Armor
37:25 Fletching
38:23 Arrowslits
39:01 Conscription
39:14 Caravan
39:20 Padded Archer Armor
40:45 Szlachta Privileges
41:24 Ballistics
41:00 Murder Holes
41:18 Masonry
41:45 Elite Obuch
46:37 Lechitic Legacy
46:48 Two-Handed Swordsman
51:03 Heavy Mounted Crossbowman
51:50 Thumb Ring
56:20 Iron Casting
56:01 Chain Mail Armor
55:42 Bodkin Arrow
56:02 Leather Archer Armor
60:10 Crop Rotation
60:00 Siege Engineers
pablonahuels_
0:39 Loom
12:25 Feudal Age
13:51 Fishing Lines
14:21 Double-Bit Axe
17:13 Horse Collar
19:02 Gold Mining
19:05 Stone Mining
22:57 Castle Age
22:41 Wheelbarrow
25:51 Stone Shaft Mining
25:27 Bow Saw
25:20 Heavy Plow
26:21 Padded Archer Armor
26:12 Fletching
26:28 Scale Barding Armor
27:41 Gillnets
34:24 Imperial Age
32:11 Hand Cart
31:43 Town Watch
32:08 Bodkin Arrow
32:29 Leather Archer Armor
32:34 Chain Barding Armor
32:15 Scale Mail Armor
33:39 Bloodlines
35:08 Chain Mail Armor
35:13 Chain Barding Armor
37:40 Ring Archer Armor
37:42 Crop Rotation
38:15 Two-Man Saw
37:27 Cavalier
40:20 Town Patrol
42:19 Chemistry
41:30 Fortified Wall
41:11 Guard Tower
40:47 Elite Teutonic Knight
43:33 Hoardings
44:38 Capped Ram
44:38 Onager
44:39 Heavy Scorpion
46:57 Bombard Tower
47:44 Caravan
48:14 Coinage
47:55 Guilds
50:01 Paladin
52:16 Plate Barding Armor
52:12 Plate Mail Armor
51:52 Forging
58:21 Iron Casting
60:28 Ironclad
60:29 Crenellations
59:40 Sappers
60:32 Conscription
59:34 Spies/Treason
Connection lost

Rejoining the realm…

Still unreachable

The connection could not be restored.

Session expired

The server has moved on; the page needs a fresh start.